 Dungeon Crawl Stone Soup version 0.18-a0-1293-g5a2c81a (webtiles) character file.

100 Duffy the Vexing (level 4, 9/21 HPs)
             Began as a Spriggan Enchanter on Feb 10, 2016.
             Quit the game on level 3 of the Dungeon.
             The game lasted 00:02:58 (2799 turns).

Duffy the Vexing (Spriggan Enchanter)               Turns: 2799, Time: 00:02:59

Health: 9/21       AC:  3    Str:  4    XL:     4   Next: 47%
Magic:  4/11       EV: 18    Int: 17    God:
Gold:   70         SH:  0    Dex: 16    Spells: 4 memorised, 2 levels left

rFire  . . .     SeeInvis +     s - +0 dagger (venom)
rCold  . . .     Gourm    .     b - +1 robe
rNeg   . . .     Faith    .     (shield restricted)
rPois  .         Spirit   .     (helmet restricted)
rElec  .         Dismiss  .     (no cloak)
rCorr  .         Reflect  .     (gloves unavailable)
SustAt .         Harm     .     (boots unavailable)
MR     .....                    (no amulet)
Stlth  +++.......               (no ring)
                                (no ring)

@: very quick, not resistant to hostile enchantments, fairly stealthy
A: unfitting armour, see invisible, herbivore 3, speed 3, slow metabolism 2
a: no special abilities


You were on level 3 of the Dungeon.
You were hungry.

You visited 1 branch of the dungeon, and saw 3 of its levels.

You collected 70 gold pieces.


Innate Abilities, Weirdness & Mutations

You are tiny and cannot use many weapons and most armour.
You have supernaturally acute eyesight.
You are a herbivore.
You cover ground extremely quickly.
You need consume almost no food.


   Skills:
 + Level 2.5 Short Blades
 - Level 3.0 Dodging
 - Level 4.4 Stealth
 * Level 4.4 Spellcasting
 + Level 4.5 Hexes


You had 2 spell levels left.
You knew the following spells:

 Your Spells              Type           Power        Failure   Level  Hunger
a - Ensorcelled Hibernat  Hex/Ice        ##....       12%         2    ##.....
c - Confuse               Hex            ###.....     10%         3    ###....
l - Tukima's Dance        Hex            ###.....     10%         3    ###....
r - Corona                Hex            ###....      2%          1    None

Inventory:

Hand Weapons
 a - a +1 dagger
 s - a +0 dagger of venom (weapon)
Missiles
 f - 5 poisoned needles
Armour
 b - a +1 robe (worn)
Wands
 r - a wand of flame (29/48)
Scrolls
 h - 2 scrolls of identify {unknown}
 i - 3 scrolls of blinking {unknown}
 j - a scroll of remove curse {unknown}
 m - 4 scrolls of teleportation {unknown}
 o - a scroll of random uselessness {unknown}
 p - a scroll of enchant weapon {unknown}
 q - a scroll of magic mapping {unknown}
Potions
 e - a potion of agility {unknown}
 g - a potion of ambrosia {unknown}
 k - a potion of brilliance {unknown}
 l - a potion of heal wounds {unknown}
 n - a potion of flight {unknown}
Books
 c - a book of Maledictions
Comestibles
 d - 2 bread rations

Dungeon Overview and Level Annotations

Branches:
Dungeon (3/15)

Altars:
Vehumet


Message History

You hear the slow rusting of a distant drain.
Things that are here:
a goblin corpse; a giant cockroach corpse Your magical contamination has completely faded away.
The jackal barks!
A rat comes into view.
The jackal bites you.
Found 9 gold pieces.
You completely miss the jackal. The jackal completely misses you.
You closely miss the jackal. The jackal closely misses you.
You hit the jackal but do no damage.
The jackal is poisoned.
The jackal misses you.
You completely miss the jackal. The jackal barely misses you. x2
You hit the jackal.
The jackal looks even sicker.
The jackal is heavily wounded.
The jackal completely misses you.
You completely miss the jackal.
The jackal is severely wounded.
You kill the jackal!
The rat closely misses you.
You closely miss the rat. The rat barely misses you.
You hit the rat.
The rat is poisoned.
The rat is severely wounded.
The rat misses you.
You completely miss the rat.
The rat is severely wounded.
The rat completely misses you.
You hit the rat.
You kill the rat!
You closely miss the giant newt. The giant newt completely misses you.
You hit the giant newt but do no damage.
The giant newt is poisoned.
You kill the giant newt!
There is a radiant altar of Vehumet here.
Are you sure you want to abandon this character and quit the game? (Confirm with "yes".)

..... # ....#.#
<.(.#.# ####.#.... #
##..?....#
#.##....#...#
#...........#
#.##.#.@.#.#####
#.#.............
...##......#..[.....
......%.............
....##..#....#....[.
$.. ##.#.#..##.....
#.#.#..# #####
#.#%#%.#
#.#.#..######


There were no monsters in sight!

Action                   |  1- 3 |  4- 6 || total
-------------------------+-------+-------++-------
Melee: Dagger            |   218 |    70 ||   288
 Cast: Ensorcelled Hiber |     2 |     9 ||    11
 Stab: Sleeping          |    11 |     7 ||    18
       Distracted        |     1 |       ||     1

Notes
Turn   | Place    | Note
--------------------------------------------------------------
     0 | D:1      | Duffy the Spriggan Enchanter began the quest for the Orb.
     0 | D:1      | Reached XP level 1. HP: 9/9 MP: 5/5
    90 | D:1      | Reached skill level 3 in Spellcasting
   335 | D:1      | Reached XP level 2. HP: 7/13 MP: 7/7
   363 | D:1      | Learned a level 2 spell: Ensorcelled Hibernation
   656 | D:1      | Reached skill level 4 in Hexes
  1275 | D:1      | Reached XP level 3. HP: 16/16 MP: 9/9
  1348 | D:1      | Learned a level 3 spell: Confuse
  1352 | D:1      | Learned a level 3 spell: Tukima's Dance
  1636 | D:2      | Found a faded altar to an unknown god.
  1785 | D:2      | Reached skill level 2 in Short Blades
  1841 | D:2      | Reached skill level 4 in Spellcasting
  1857 | D:2      | Reached XP level 4. HP: 6/21 MP: 9/11
  2728 | D:3      | Found a radiant altar of Vehumet.
  2799 | D:3      | Quit the game

Vault maps used:
D:1:      minmay_arrival_cross
D:2:      ecumenical_altar_2, first_bread, lemuel_flame_loot_1
D:3:      vehumet_altar_wand_db, nicolae_overflow_crystal_walls,
          gup_sewer_entry_pipe

Vanquished Creatures
  3 adders
  An ooze
  4 giant cockroaches
  4 goblins
  8 hobgoblins
  14 jackals
  8 kobolds
  3 ball pythons
  5 bats
  7 giant newts
  10 rats
67 creatures vanquished.
